 Dungeon Crawl Stone Soup version 0.30.1 (webtiles) character file.

Game seed: 9061306626884836971

2692 Fodor the Protected (level 9, -1/78 HPs)
             Began as a Minotaur Fighter on June 30, 2023.
             Was an Initiate of Gozag.
             Slain by Joseph
             ... wielding a +0 quarterstaff
              (8 damage)
             ... on level 7 of the Dungeon on July 2, 2023.
             The game lasted 00:32:01 (5851 turns).

Fodor the Protected (Minotaur Fighter)              Turns: 5851, Time: 00:32:02

Health: -1/78      AC: 11    Str: 25    XL:     9   Next: 38%
Magic:  8/8        EV:  9    Int:  5    God:    Gozag
Gold:   66         SH:  5    Dex: 10    Spells: 8/8 levels left

rFire   . . .        E - +2 hand axe (heavy)
rCold   + + .        c - +0 buckler
rNeg    . . .        w - +0 chain mail
rPois   +            (helmet restricted)
rElec   +            (no cloak)
rCorr   +            (no gloves)
SInv    .            (no boots)
Will    .....        (no amulet) Stlth
                     b - ring of ice
HPRegen 0.33/turn    (no ring)
MPRegen 0.11/turn

%: no passive effects
@: mighty, resistant, weakened, gold aura
A: horns 2, retaliatory headbutt
a: Renounce Religion, Potion Petition, Call Merchant, Bribe Branch


You were on level 7 of the Dungeon.
You worshipped Gozag.
Gozag was noncommittal.
You visited 1 branch of the dungeon, and saw 7 of its levels.

You collected 352 gold pieces.
You spent 199 gold pieces at shops.
You paid 87 gold pieces to Gozag.

Inventory:

Hand Weapons
 g - a +0 shortbow
 A - a +1 hammer of protection
 E - a +2 heavy hand axe (weapon)
Missiles
 k - 2 javelins
 t - 2 poisoned darts (quivered)
Armour
 c - a +0 buckler (worn)
 w - a +0 chain mail (worn)
Jewellery
 b - a ring of ice (left hand)
Wands
 i - a wand of mindburst (8)
 r - a wand of roots (14)
Scrolls
 j - 2 scrolls of amnesia
 m - a scroll of summoning
 n - 3 scrolls of enchant weapon
 q - 4 scrolls of teleportation
 s - a scroll of magic mapping {unknown}
 v - 2 scrolls of fear
 x - a scroll of enchant armour {unknown}
 y - 2 scrolls of brand weapon {unknown}
 B - a scroll of noise {unknown}
 D - a scroll of immolation {unknown}
 F - a scroll of torment {unknown}
 G - a scroll of poison {unknown}
Potions
 a - a potion of invisibility {unknown}
 d - a potion of might
 e - a potion of ambrosia {unknown}
 f - 3 potions of flight {unknown}
 h - 4 potions of brilliance
 l - a potion of lignification {unknown}
 o - a potion of resistance
 p - a potion of mutation {unknown}
 u - a potion of cancellation {unknown}
 z - a potion of attraction {unknown}
 C - 2 potions of curing {unknown}


   Skills:
 + Level 6.8 Fighting
 + Level 6.4 Long Blades
 + Level 3.2(5.0) Axes
 + Level 5.9(6.3) Maces & Flails
 + Level 9.5 Armour
 + Level 2.5 Dodging
 + Level 1.1 Stealth
 + Level 6.4 Shields


You had 8 spell levels left.
You didn't know any spells.
Your spell library contained the following spells:

 Spells                   Type           Power      Damage    Failure   Level
 Vhi's Electric Charge    Tloc/Air       0%         N/A       100%        3
 Arcjolt                  Conj/Air       0%         1d10      100%        5
 Maxwell's Capacitive Co  Air            0%         ∞         100%        8


Dungeon Overview and Level Annotations

Branches:
Dungeon (7/15)
 Temple: D:4-7

Altars:
Fedhas
Gozag
Kikubaaqudgha
Nemelex Xobeh
Sif Muna

Shops:
D:2 [[[[   D:4 *   D:6 *

Annotations:
D:7 Joseph


Innate Abilities, Weirdness & Mutations

You have a pair of horns on your head.
You reflexively headbutt those who attack you in melee.


Message History

Joseph is moderately wounded.
Joseph hits you with a +0 quarterstaff.
* * * LOW HITPOINT WARNING * * *
Your orc closely misses the gnoll.
The gnoll hits your orc with a +0 club. You block Joseph's attack.
You slash Joseph!
Joseph is moderately wounded.
A hound comes into view.
The gnoll is distracted by your dazzling golden aura.
Your orc hits the gnoll with a +0 morningstar.
The gnoll is no longer distracted by gold.
Joseph closely misses you. The gnoll hits your orc with a +0 club.
Your orc hits the gnoll with a +0 morningstar!
The gnoll dies!
The hound barks!
You slash Joseph! Your headbutt misses Joseph.
Joseph is severely wounded.
Joseph hits you with a +0 quarterstaff!
* * * LOW HITPOINT WARNING * * *
The gnoll is distracted by your dazzling golden aura.
Your orc hits the howler monkey with a +0 morningstar.
The hound is distracted by your dazzling golden aura.
Joseph tries to grin evilly.
Joseph hits you but does no damage.
Your orc barely misses the howler monkey.
The gnoll shouts!
You slash Joseph!
Joseph is severely wounded.
Joseph hits you with a +0 quarterstaff.
* * * LOW HITPOINT WARNING * * *
Your orc barely misses the howler monkey.
Joseph hits you but does no damage.
You slash Joseph!
Joseph is almost dead.
The hound is no longer distracted by gold.
An orc comes into view. It is wielding a +0 club.
Your orc barely misses the howler monkey.
Joseph hits you with a +0 quarterstaff!
You die...
Your body crumbles into a pile of gold.

#.....#
#......#.#
........
#........#
#.#..#..
#......#.#
#......#.#
#........#
...#####+##'####
............#
..#####.#######
......oh@@FS..#
#....##$#####$#
#... og.# .#
......... g.
#.......# ...
#........ ....
..>..... .....
###..... ....##


You could see Joseph (ally target), a howler monkey, a gnoll, an orc, a friendly
water moccasin (summoned), a friendly bullfrog (summoned) and a friendly orc
(summoned).

Vanquished Creatures
  Grinder (D:3)
  Sigmund (D:3)
  A wyvern (D:6)
  Duvessa (D:7)
  A water moccasin (D:7)
  3 black bears
  A sky beast (D:6)
  An ogre (D:5)
  A centaur (D:6)
  A phantom (D:4)
  Blork the orc (D:6)
  3 bullfrogs
  5 scorpions
  3 wights (D:7)
  Dowan (D:7)
  2 hounds
  An orc priest (D:7)
  Crazy Yiuf (D:3)
  A gnoll bouda (D:7)
  3 jellies
  Ijyb (D:5)
  Terence (D:3)
  Natasha (D:2)
  An iguana (D:5)
  Robin (D:5)
  12 adders
  A gnoll (D:7)
  A white imp (D:7)
  A worm (D:5)
  3 dart slugs
  12 orcs
  6 ball pythons
  8 endoplasms
  2 giant cockroaches
  8 goblins
  9 hobgoblins
  A jackal (D:4)
  3 quokkas
  4 bats
  3 frilled lizards
  3 kobolds
  3 rats
118 creatures vanquished.

Vanquished Creatures (collateral kills)
  A howler monkey (D:7)
  2 gnolls (D:7)
3 creatures vanquished.

Grand Total: 121 creatures vanquished

Notes
Turn   | Place    | Note
-------+----------+-------------------------------------------
     0 | D:1      | Fodor the Minotaur Fighter began the quest for the Orb.
     0 | D:1      | Reached XP level 1. HP: 19/19 MP: 0/0
   367 | D:1      | Reached XP level 2. HP: 27/27 MP: 1/1
   684 | D:1      | Reached skill level 4 in Armour
   898 | D:2      | Found Laamas's Armour Boutique.
  1040 | D:2      | Noticed Natasha
  1045 | D:2      | Killed Natasha
  1046 | D:2      | Reached XP level 3. HP: 32/33 MP: 2/2
  1592 | D:2      | Found Uxufithra's Armour Shop.
  1660 | D:2      | Found Veuxigaa's Armour Shoppe.
  1707 | D:2      | Found Onamedoi's Antique Armour Boutique.
  1932 | D:3      | Noticed Sigmund
  1965 | D:3      | Killed Sigmund
  1966 | D:3      | Reached skill level 5 in Armour
  1966 | D:3      | Reached XP level 4. HP: 8/41 MP: 3/3
  1966 | D:3      | Reached XP level 5. HP: 9/47 MP: 4/4
  2108 | D:3      | Found a blossoming altar of Fedhas.
  2204 | D:3      | Noticed Grinder
  2213 | D:3      | Paralysed by Grinder for 3 turns
  2218 | D:3      | Killed Grinder
  2219 | D:3      | Reached skill level 5 in Long Blades
  2219 | D:3      | Reached skill level 6 in Armour
  2219 | D:3      | Reached skill level 1 in Dodging
  2219 | D:3      | Reached XP level 6. HP: 17/55 MP: 5/5
  2709 | D:3      | Noticed Terence
  2710 | D:3      | Upgraded the game from 0.30.0-30-g96aa6591b8 to 0.30.1
  2717 | D:3      | Killed Terence
  2823 | D:3      | Found a runed translucent door.
  2824 | D:3      | Noticed Crazy Yiuf
  2832 | D:3      | Killed Crazy Yiuf
  3029 | D:4      | Reached skill level 5 in Fighting
  3029 | D:4      | Reached XP level 7. HP: 59/61 MP: 6/6
  3033 | D:4      | Reached skill level 1 in Maces & Flails
  3415 | D:4      | Reached skill level 5 in Shields
  3549 | D:4      | Found an ancient bone altar of Kikubaaqudgha.
  3701 | D:4      | Found Woojef's Assorted Antiques.
  3709 | D:4      | Bought a scroll labelled SOEGGUC IVEO for 19 gold pieces
  3709 | D:4      | Bought a scroll labelled UWAGYKKABBY for 19 gold pieces
  3709 | D:4      | Bought a scroll labelled SOGUSEF YNAWYUMU for 19 gold
                  | pieces
  3874 | D:5      | Entered Level 5 of the Dungeon
  3881 | D:5      | Noticed Ijyb
  3881 | D:5      | Noticed Robin
  3902 | D:5      | Reached XP level 8. HP: 68/70 MP: 7/7
  3922 | D:5      | Killed Ijyb
  3923 | D:5      | Reached skill level 7 in Armour
  3930 | D:5      | Killed Robin
  4499 | D:5      | Found a shimmering blue altar of Sif Muna.
  4681 | D:6      | Noticed Blork the orc
  4688 | D:6      | Killed Blork the orc
  4689 | D:6      | Reached skill level 5 in Maces & Flails
  4925 | D:6      | Reached skill level 8 in Armour
  4925 | D:6      | Reached skill level 1 in Stealth
  5079 | D:6      | Reached skill level 1 in Axes
  5378 | D:6      | Found Xuntudwod's General Store.
  5385 | D:6      | Bought a scroll of identify for 30 gold pieces
  5385 | D:6      | Bought a scroll of enchant weapon for 112 gold pieces
  5441 | D:6      | Reached XP level 9. HP: 75/78 MP: 8/8
  5449 | D:6      | Found a sparkling altar of Nemelex Xobeh.
  5449 | D:6      | Found an opulent altar of Gozag.
  5463 | D:6      | Became a worshipper of Gozag Ym Sagoz the Greedy
  5719 | D:7      | Noticed Duvessa
  5719 | D:7      | Noticed Dowan
  5724 | D:7      | Killed Duvessa
  5727 | D:7      | Reached skill level 9 in Armour
  5738 | D:7      | Killed Dowan
  5818 | D:7      | Noticed Joseph
  5851 | D:7      | Slain by Joseph

Illustrated notes

Levels and vault maps discovered:
D:1:      lightli_arrival_isolated_outpost, layout_basic
D:2:      layout_rooms, serial_aquarium, aquarium_bridge_long_separate
          [aquarium_subvault_window, aquarium_subvault_bridge,
          aquarium_subvault_bridge, aquarium_subvault_bridge,
          aquarium_subvault_bridge, aquarium_subvault_wall],
          aquarium_bridge_island_small [aquarium_subvault_small_water,
          aquarium_subvault_window, aquarium_subvault_wall,
          aquarium_subvault_bridge, aquarium_subvault_bridge],
          aquarium_window_double, aquarium_window_corridor_3, aquarium_view_2e,
          aquarium_balcony_double_2, serial_shops, shop, shop,
          nicolae_shop_tiny_statue_garden, shop, minmay_diced_spiral,
          uniq_natasha
D:3:      layout_loops_ring, fedhas_ov_isle_minmay, kennysheep_generic_room_15,
          uniq_sigmund, uniq_crazy_yiuf_cottage, uniq_grinder, uniq_terence
D:4:      minmay_recursive_quarters, layout_loops_ring, kennysheep_little_box,
          serial_shops, shop
D:5:      layout_cave_pools, led_sif_book, nicolae_goblin_pals
D:6:      layout_basic, grunt_temple_overflow_opulence, serial_shops,
          nicolae_square_shop, serial_rivers, chequers_serial_rivers_micro_c,
          chequers_serial_rivers_micro_d, chequers_serial_rivers_room_b,
          chequers_serial_rivers_small_3, chequers_serial_rivers_micro_b,
          chequers_serial_rivers_small_3, nicolae_half_adder, uniq_blork_the_orc
D:7:      layout_basic, mainiacjoe_overflow_surrounded_room,
          minmay_temple_entry_statues, uniq_joseph, uniq_duvessa,
          uniq_prince_ribbit1

Skill      XL: |  1  2  3  4  5  6  7  8  9 |
---------------+----------------------------+-----
Armour         | 4 5 6 8 9 |  9.5
Shields        | 4 5 6 |  6.4
Fighting       | 4 5 6 |  6.8
Long Blades    | 3 4 5 6 |  6.4
Dodging        | 1 2 |  2.5
Maces & Flails | 2 5 |  5.9
Stealth        | 1 |  1.1
Axes           | 1 3 |  3.2

Action                     |  1- 3 |  4- 6 |  7- 9 || total
---------------------------+-------+-------+-------++-------
  Melee: Long sword        |    71 |    36 |       ||   107
         Headbutt          |     7 |    11 |    32 ||    50
         Mace              |       |    23 |   126 ||   149
         Hand axe          |       |       |    93 ||    93
    Use: Potion            |     3 |       |     2 ||     5
         Scroll            |       |       |     6 ||     6
   Stab: Distracted        |       |       |     1 ||     1
 Armour: Scale mail        |    29 |       |       ||    29
         Chain mail        |     7 |    48 |   221 ||   276
  Dodge: Dodged            |    39 |    27 |   159 ||   225
  Block: Buckler           |     8 |    11 |    86 ||   105
